 Dungeon Crawl Stone Soup version 0.31.0-32-g396128a36d (webtiles) character file.

Game seed: 8125810605805246290

7420 Ijustatesigmund the Fighter (level 11, -11/186 HPs)
             Began as an Oni Conjurer on Mar 8, 2024.
             Was a Follower of Cheibriados.
             Mangled by a centaur warrior
             ... wielding a +0 war axe
              (14 damage)
             ... on level 9 of the Dungeon.
             The game lasted 00:26:37 (12651 turns).

Ijustatesigmund the Fighter (Oni Conjurer)         Turns: 12651, Time: 00:26:39

Health: -11/186    AC:  4    Str: 18    XL:     11   Next: 15%
Magic:  41/41      EV:  9    Int: 26    God:    Cheibriados [*.....]
Gold:   589        SH:  0    Dex: 10    Spells: 17/26 levels left

rFire   . . .        s - +0 giant spiked club
rCold   . . .        (shield currently unavailable)
rNeg    + . .        a - +0 robe
rPois   .            (helmet restricted)
rElec   .            C - +0 cloak
rCorr   .            (gloves unavailable)
SInv    .            (boots unavailable)
Will    +....        E - amulet of the acrobat Stlth
                     c - ring of magical power
HPRegen 0.51/turn    p - ring of Mios {rN+ MP+9 Str+2}
MPRegen 0.27/turn

%: acrobat
@: berserking, very slow
A: large, unfitting armour, horns 1, tough skin 1, double potion healing,
drunken brawling
a: Renounce Religion, Bend Time


You were on level 9 of the Dungeon.
You worshipped Cheibriados.
Cheibriados was aware of your devotion.
You visited 2 branches of the dungeon, and saw 10 of its levels.
You also visited: Ossuary and Bailey.

You collected 589 gold pieces.

Inventory:

Hand Weapons
 f - the +12 hand axe of Corpus Delicti {antimagic, rC+ Str+6 SInv}
   (You took it off an orc on level 7 of the Dungeon)

   Str+6:     It affects your strength (+6).
   rC+:       It protects you from cold.
   SInv:      It lets you see invisible.
 s - a +0 giant spiked club (weapon)
 y - a +0 morningstar
 F - a +2 flail of protection
Armour
 a - a +0 robe (worn)
 r - a +0 kite shield
 C - a +0 cloak (worn)
Jewellery
 c - a ring of magical power (left hand)
 l - a +4 ring of protection
 p - the ring of Mios (right hand) {rN+ MP+9 Str+2}
   (You took it off a kobold in a bailey)

   [ring of magical power]

   Str+2:     It affects your strength (+2).
   rN+:       It protects you from negative energy.
   MP+9:      It affects your magic capacity (+9).
 E - an amulet of the acrobat (around neck)
Talismans
 w - a flux talisman
Wands
 d - a wand of digging (5)
 h - a wand of mindburst (1)
 n - a wand of roots (16)
 t - a wand of light (4)
Scrolls
 o - 2 scrolls of identify
 q - a scroll of torment
 x - 2 scrolls of immolation
 B - 2 scrolls of teleportation
 D - a scroll of vulnerability
Potions
 b - 3 potions of magic
 e - 9 potions of enlightenment
 i - 3 potions of lignification
 j - a potion of attraction
 k - a potion of resistance
 u - 2 potions of brilliance
 v - a potion of might
 z - a potion of curing
 A - a potion of haste


   Skills:
 + Level 12.5 Fighting
 - Level 7.2 Maces & Flails
 - Level 1.7 Dodging
 - Level 1.4 Stealth
 + Level 8.3 Spellcasting
 - Level 5.1 Conjurations
 + Level 6.0 Translocations
 + Level 5.5 Invocations


You had 17 spell levels left.
You knew the following spells:

 Your Spells              Type           Power      Damage    Failure   Level
a - Magic Dart            Conj           100%       1d8       1%          1
b - Searing Ray           Conj           74%        2d7       1%          2
c - Iskenderun's Mystic   Conj/Tloc      39%        2d9       5%          4
d - Blink                 Tloc           84%        N/A       1%          2

Your spell library contained the following spells:

 Spells                   Type           Power      Damage    Failure   Level
 Passage of Golubria      Tloc           42%        N/A       4%          4
 Call Imp                 Summ           20%        N/A       9%          2
 Cigotuvi's Dreadful Rot  Necr/Alch/Air  20%        N/A       9%          2
 Tukima's Dance           Hex            10%        N/A       16%         3
 Fulminant Prism          Conj/Alch      12%        3d9       19%         4
 Dispel Undead            Necr           10%        3d9       47%         4
 Martyr's Knell           Necr/Summ      10%        N/A       47%         4
 Yara's Violent Unravell  Hex/Alch       5%         3d4       83%         5
 Death Channel            Necr           5%         N/A       100%        6


Dungeon Overview and Level Annotations

Branches:
Dungeon (9/15)             Temple (1/1) D:7         Ossuary (visited)
 Bailey (visited)
   Lair: D:8-11         Orc: D:9-12

Altars:
Ashenzari
Cheibriados
Dithmenos
Elyvilon
Fedhas
Gozag
Hepliaklqana
Makhleb
Nemelex Xobeh
Okawaru
Qazlal
Ru
Sif Muna
Trog
Uskayaw
Vehumet
Wu Jian
Xom
Yredelemnul
Zin
The Shining One

Shops:
D:7 [(   D:8 *

Annotations:
D:7 2 transporters, nitefall's ghost, novice GrEE


Innate Abilities, Weirdness & Mutations

You are too large for most types of armour.
You have a pair of small horns on your head.
You have tough skin. (AC +1)
You gain doubled healing and magic from potions.
Whenever you drink a healing potion, you attack all around you.


Message History

You feel a little less mighty now.
You start resting.
A centaur warrior is nearby!
A centaur warrior is nearby!
A centaur warrior is nearby!
Things that are here:
a ring of magical power; a +0 giant club; a +0 dire flail The centaur warrior shouts!
The centaur warrior unwields a +0 war axe.
The centaur warrior wields a +3 orcbow.
The centaur warrior shoots an arrow.
The arrow completely misses you.
The centaur warrior shoots an arrow.
The arrow hits you!
The centaur warrior shoots an arrow.
The arrow hits you!!
The centaur warrior unwields a +3 orcbow.
The centaur warrior wields a +0 war axe.
The centaur warrior hits you with a +0 war axe!
The centaur warrior misses you.
The centaur warrior hits you with a +0 war axe.
The centaur warrior misses you.
You barely miss the centaur warrior. You headbutt the centaur warrior.
The centaur warrior is lightly wounded.
The centaur warrior hits you with a +0 war axe!
The centaur warrior kicks you.
The centaur warrior hits you with a +0 war axe!!
* * * LOW HITPOINT WARNING * * *
The centaur warrior kicks you but does no damage.
A red film seems to cover your vision as you go berserk!
Cheibriados forces you to slow down.
You feel mighty!
The centaur warrior hits you with a +0 war axe!
* * * LOW HITPOINT WARNING * * *
The centaur warrior kicks you but does no damage.
You barely miss the centaur warrior.
The centaur warrior is lightly wounded.
The centaur warrior hits you with a +0 war axe!
* * * LOW HITPOINT WARNING * * *
The centaur warrior kicks you.
* * * LOW HITPOINT WARNING * * *
The centaur warrior hits you with a +0 war axe!
You die...

..#.............#
..## #..
#.#..##########.#
#.. #.. #.#..# #.#
..## #.. #.#..# #.#
#.. #.# #.#..# #.#
.# ..# #.#..####
#.# # ##.#
#.......### #.#.#
#.#
###.###...#####...#
#. #.#
#....=..@c..# #.#
#.#####.##### #.#
#.#.# #.#...# #.#
#.#...#†#..## #.#
#.#.........# #.#
#.###...)#######.
#.....#........Y.
#.#...#.....####.
##..#...###


You could see a centaur warrior.

Vanquished Creatures
  A two-headed ogre (D:9)
  An arcanist (D:9)
  Psyche (D:8)
  Prince Ribbit (D:9)
  A hornet (D:8)
  18 yaks
  A water moccasin (D:6)
  An ice beast (D:6)
  9 orc warriors (Bailey)
  A black bear (D:8)
  A sky beast (D:7)
  2 ogres (D:5)
  A centaur (D:8)
  2 phantoms
  3 bullfrogs
  A gnoll sergeant (D:6)
  3 scorpions (D:6)
  2 water moccasin zombies (Ossuary)
  A burial acolyte (Ossuary)
  3 killer bees (D:9)
  2 howler monkeys
  2 hounds (D:6)
  2 jellies
  A gnoll bouda (D:7)
  2 orc priests
  A sleepcap (D:7)
  Natasha (twice) (D:3)
  2 orc wizards
  2 crocodile zombies (Ossuary)
  2 mummies (Ossuary)
  8 adders
  12 gnolls
  2 shadow imps (D:5)
  2 ufetubi (D:5)
  6 adder zombies (Ossuary)
  4 ribbon worms
  14 orcs
  2 bats
  3 endoplasms
  3 giant cockroaches
  8 gnoll zombies (Ossuary)
  8 goblins
  7 hobgoblins
  14 kobolds
  A quokka (D:1)
  5 ball pythons
  2 frilled lizards
  4 jackal zombies (Ossuary)
  4 orc zombies (Ossuary)
  3 rats
184 creatures vanquished.

Vanquished Creatures (collateral kills)
  A howler monkey (D:5)
1 creature vanquished.

Grand Total: 185 creatures vanquished

Notes
Turn   | Place    | Note
-------+----------+-------------------------------------------
     0 | D:1      | Ijustatesigmund the Oni Conjurer began the quest for the
                  | Orb.
     0 | D:1      | Reached XP level 1. HP: 16/16 MP: 3/3
   385 | D:1      | Reached skill level 1 in Fighting
   404 | D:1      | Reached XP level 2. HP: 27/27 MP: 5/5
  1054 | D:2      | Reached XP level 3. HP: 35/35 MP: 7/7
  1057 | D:2      | Learned a level 2 spell: Searing Ray
  1180 | D:2      | Reached skill level 2 in Fighting
  1538 | D:2      | Reached XP level 4. HP: 44/44 MP: 9/9
  2158 | D:3      | Noticed Natasha
  2161 | D:3      | Killed Natasha
  2162 | D:3      | Reached skill level 3 in Fighting
  2167 | D:3      | Learned a level 4 spell: Iskenderun's Mystic Blast
  2224 | D:3      | Found a broken altar of Ashenzari.
  2518 | D:4      | Reached XP level 5. HP: 47/53 MP: 10/10
  2548 | D:4      | Reached skill level 1 in Translocations
  3063 | D:4      | Reached skill level 4 in Fighting
  3178 | D:5      | Entered Level 5 of the Dungeon
  3196 | D:5      | Reached XP level 6. HP: 62/62 MP: 12/12
  3228 | D:5      | Found a sand-covered staircase.
  3233 | Ossuary  | Entered an ossuary
  3387 | Ossuary  | Reached skill level 5 in Fighting
  3387 | Ossuary  | Reached skill level 5 in Spellcasting
  3387 | Ossuary  | Reached XP level 7. HP: 35/72 MP: 12/14
  4280 | D:5      | Reached skill level 6 in Fighting
  4280 | D:5      | Reached skill level 1 in Maces & Flails
  4680 | D:5      | Reached XP level 8. HP: 75/84 MP: 16/16
  5190 | D:6      | Reached skill level 7 in Fighting
  5571 | D:6      | Found a shimmering altar of Xom.
  5572 | D:6      | Found a glowing golden altar of the Shining One.
  5635 | D:6      | Noticed a yak
  5640 | D:6      | Noticed a yak
  5642 | D:6      | Noticed a yak
  5642 | D:6      | Noticed a yak
  5644 | D:6      | Noticed a yak
  5644 | D:6      | Noticed a yak
  5647 | D:6      | Killed a yak
  5650 | D:6      | Killed a yak
  5651 | D:6      | Reached skill level 8 in Fighting
  5653 | D:6      | Killed a yak
  5655 | D:6      | Killed a yak
  5656 | D:6      | Reached skill level 9 in Fighting
  5656 | D:6      | Reached skill level 5 in Maces & Flails
  5657 | D:6      | Reached XP level 9. HP: 47/98 MP: 17/17
  5877 | D:6      | Identified the +2 helmet of Fresh Fun {Int+2}
  5886 | D:6      | Reached skill level 10 in Fighting
  6285 | D:6      | Identified the +2 short sword of the Tundras {drain, *Noise
                  | rC++}
  6841 | D:7      | Found a radiant altar of Vehumet.
  6868 | D:7      | HP: 4/153 [something (5)]
  6883 | D:7      | Found a flagged portal.
  6889 | D:7      | Found Kituajokk's Armour Emporium.
  6890 | D:7      | Identified the +12 hand axe of Corpus Delicti {antimagic,
                  | rC+ Str+6 SInv}
  6918 | Bailey   | Entered a bailey
  7131 | Bailey   | Identified the ring of Mios {rN+ MP+9 Str+2}
  7873 | Bailey   | Reached XP level 10. HP: 111/111 MP: 19/19
  8095 | Bailey   | Reached skill level 11 in Fighting
  8095 | Bailey   | Reached skill level 5 in Conjurations
  8509 | D:7      | Found Xoehuakav's Hydra Hut.
  8510 | D:7      | Noticed a seven-headed hydra
  8550 | D:7      | Found a transporter.
  8550 | D:7      | Found a transporter.
  8559 | D:7      | Identified the +5 ring mail of the Bagpipe {-Tele rCorr
                  | Dex+4}
  8559 | D:7      | Identified the +3 buckler of Resonance {Dex+3}
  8561 | D:7      | Noticed nitefall's ghost (novice GrEE)
  8723 | D:7      | Found a staircase to the Ecumenical Temple.
  8767 | D:7      | Found a shadowy altar of Dithmenos.
  8952 | Temple   | Entered the Ecumenical Temple
  8983 | Temple   | Became a worshipper of Cheibriados the Contemplative
  9033 | D:8      | Noticed Psyche
  9171 | D:3      | Noticed Natasha
  9177 | D:3      | Killed Natasha
  9384 | D:8      | Killed Psyche
  9385 | D:8      | Reached skill level 1 in Invocations
 10696 | D:7      | Reached skill level 5 in Translocations
 11057 | D:8      | Reached * piety under Cheibriados
 11110 | D:8      | Identified the +3 glaive of Malum Prohibitum {flame, Int+4}
 11297 | D:8      | Found Zin's Purification Station.
 11298 | D:8      | Found a glowing silver altar of Zin.
 11758 | D:9      | Noticed Prince Ribbit
 11780 | D:9      | Killed Prince Ribbit
 11929 | D:9      | Reached skill level 12 in Fighting
 12114 | D:9      | Noticed a two-headed ogre
 12123 | D:9      | Killed a two-headed ogre
 12129 | D:9      | Reached XP level 11. HP: 87/123 MP: 23/23
 12159 | D:9      | Reached skill level 5 in Invocations
 12460 | D:9      | Learned a level 2 spell: Blink
 12493 | D:9      | Noticed an arcanist
 12493 | D:9      | Noticed a centaur warrior
 12506 | D:9      | Killed an arcanist
 12651 | D:9      | HP: 6/186 [centaur warrior/+0 war axe (14)]
 12651 | D:9      | Mangled by a centaur warrior

Illustrated notes

Levels and vault maps discovered:
D:1:      dpeg_arrival_central, layout_basic, minivault_11
D:2:      layout_rooms
D:3:      layout_loops_cross, ashenzari_altar_1, uniq_natasha
D:4:      layout_basic
D:5:      layout_cave_pools, nicolae_ossuary_entry_plus,
          hangedman_decor_slide_cut
D:6:      layout_loops_ring, grunt_temple_overflow_open
D:7:      layout_cave_pools, general_overflow_altar, old_standard_altar,
          minmay_temple_entry_poolview, enter_bailey_2,
          gammafunk_ghost_gnarly_gnolls, serial_shops,
          nicolae_shop_hallway_stairs, doesnt_shop_hydraphobe
D:8:      layout_cave_pools, zin_purify, uniq_psyche
D:9:      minmay_the_grid_net [minmay_the_grid_minigrid_medium,
          minmay_the_grid_empty, minmay_the_grid_tiny_cups,
          minmay_the_grid_spikes, minmay_the_grid_paths,
          minmay_the_grid_prize_four_corners], layout_basic, lair_entry_dummy,
          uniq_jeremiah, uniq_prince_ribbit1
Temple:   bh_familiar_temple

Skill      XL: |  1  2  3  4  5  6  7  8  9 10 11 |
---------------+----------------------------------+-----
Fighting       | 1 2 3 4 5 6 9 10 12 | 12.5
Spellcasting   | 3 4 5 6 8 |  8.3
Conjurations   | 4 5 |  5.1
Translocations | 1 2 3 4 5 6 |  6.0
Maces & Flails | 2 5 7 |  7.2
Invocations    | 4 5 |  5.5
Dodging        | |  1.7
Stealth        | |  1.4

Action                     |  1- 3 |  4- 6 |  7- 9 | 10-12 || total
---------------------------+-------+-------+-------+-------++-------
  Melee: Long sword        |       |     2 |    16 |       ||    18
         Headbutt          |       |       |    14 |    11 ||    25
         Giant spiked club |       |       |    68 |    74 ||   142
   Cast: Magic Dart        |    50 |    72 |   149 |    44 ||   315
         Searing Ray       |     3 |    15 |    35 |    11 ||    64
         Iskenderun's Myst |       |       |       |    22 ||    22
  Evoke: Wand              |       |       |     5 |     2 ||     7
    Use: Scroll            |       |    10 |    10 |     3 ||    23
         Potion            |       |       |     4 |     2 ||     6
   Stab: Distracted        |       |       |       |     1 ||     1
 Armour: Robe              |     5 |    24 |   171 |   171 ||   371
  Dodge: Dodged            |     4 |    16 |    80 |    66 ||   166
